 Dungeon Crawl Stone Soup version 0.19.4 (console) character file.

14133 Kloppie the Cleaver (level 11, -8/97 HPs)
             Began as a Minotaur Gladiator on Feb 5, 2017.
             Was a Priest of the Shining One.
             Mangled by a seven-headed hydra (10 damage)
             ... on level 2 of the Lair of Beasts.
             The game lasted 00:15:42 (9300 turns).

Kloppie the Cleaver (Minotaur Gladiator)            Turns: 9300, Time: 00:15:42

Health: -8/97      AC: 13    Str: 19    XL:     11   Next: 84%
Magic:  0/14       EV: 23    Int:  5    God:    the Shining One [***...]
Gold:   679        SH:  0    Dex: 20    Spells: 0 memorised, 10 levels left

rFire  . . .     SeeInvis .     b - +1 scimitar (flame)
rCold  + + .     Gourm    .     E - +0 scale mail of Undesirable Species {Dex+5}
rNeg   + . .     Faith    .     (no shield)
rPois  +         Spirit   +     (helmet unavailable)
rElec  .         Reflect  .     x - +2 cloak
rCorr  .         Harm     .     y - +0 pair of gloves
MR     .....                    I - +0 pair of boots of Integrity {rPois rC++}
Stlth  ..........               u - amulet of guardian spirit
                                (no ring)
                                m - +4 ring of evasion

@: glowing
A: retaliatory headbutt, horns 3, no device heal 1, MP-powered wands
a: Divine Shield, Renounce Religion


You were on level 2 of the Lair of Beasts.
You worshipped the Shining One.
The Shining One was most pleased with you.
You were not hungry.

You visited 2 branches of the dungeon, and saw 13 of its levels.

You collected 679 gold pieces.

Inventory:

Hand Weapons
 a - a +4 battleaxe
 b - a +1 scimitar of flaming (weapon)
Missiles
 d - 4 throwing nets (quivered)
Armour
 x - a +2 cloak (worn)
 y - a +0 pair of gloves (worn)
 E - the +0 scale mail of Undesirable Species (worn) {Dex+5}
   (You found it on level 5 of the Dungeon)

   It affects your dexterity (+5).
 I - the +0 pair of boots of Integrity (worn) {rPois rC++}
   (You acquired it on level 1 of the Lair of Beasts)

   It greatly protects you from cold.
   It protects you from poison.
Jewellery
 e - an uncursed ring of flight
 m - a +4 ring of evasion (left hand)
 s - an uncursed amulet of rage {unknown}
 u - an amulet of guardian spirit (around neck)
Wands
 g - a wand of iceblast (9/15)
 j - a wand of lightning (4/15)
Scrolls
 i - 7 scrolls of recharging
 k - 4 scrolls of remove curse
 n - 6 scrolls of teleportation
 p - a scroll of noise {unknown}
 r - 5 scrolls of identify
 t - a scroll of blinking
 v - 3 scrolls of enchant weapon
 w - a scroll of enchant armour
 D - a scroll of fear
 H - a scroll of summoning
Potions
 c - 3 potions of flight
 h - 3 potions of magic
 o - 7 potions of curing
 z - a potion of agility
 A - a potion of brilliance
 F - 2 potions of lignification
 G - a potion of cancellation
Comestibles
 f - 11 bread rations
 l - 6 beef jerkies
 q - a royal jelly
 B - 39 fruits
 C - 6 meat rations
 J - 7 chunks of flesh


   Skills:
 - Level 9.3 Fighting
 + Level 13.3 Axes
 - Level 2.0 Throwing
 - Level 6.1 Armour
 * Level 12.4 Dodging
 - Level 6.5 Invocations


You had 10 spell levels left.
You didn't know any spells.

Dungeon Overview and Level Annotations

Branches:
Dungeon (11/15)            Temple (0/1) D:7            Lair (2/6) D:11
  Swamp: Lair:2-4    Shoals: Lair:2-4     Snake: Lair:2-4    Spider: Lair:2-4
    Orc: D:9-12

Altars:
Ashenzari
Nemelex Xobeh
Okawaru
Uskayaw
Xom
Yredelemnul
The Shining One

Shops:
D:9 :


Innate Abilities, Weirdness & Mutations

You reflexively headbutt those who attack you in melee.
You have a pair of large horns on your head.
Potions and wands are less effective at restoring your health.
You expend magic power (3 MP) to strengthen your wands.


Message History

You lop one of the eight-headed hydra's heads off!
The flame cauterises the wound!
You slash the seven-headed hydra! You burn the seven-headed hydra.
The seven-headed hydra is severely wounded.
The seven-headed hydra bites you!
* * * LOW HITPOINT WARNING * * *
The seven-headed hydra completely misses you.
The seven-headed hydra bites you but does no damage.
The seven-headed hydra bites you!
* * * LOW HITPOINT WARNING * * *
The seven-headed hydra bites you.
* * * LOW HITPOINT WARNING * * *
The seven-headed hydra completely misses you.
The seven-headed hydra closely misses you.
The seven-headed hydra completely misses you.
The seven-headed hydra closely misses you.
The seven-headed hydra bites you!
* * * LOW HITPOINT WARNING * * *
The seven-headed hydra bites you!
You die...

...........................##
...........................#
...........................#
.......<....................#
...........................P#
.................#####.#....#
...##...P#P##.....#.####...##
... ..#..####....#.........#
... ...........@......# ..
..##..D.##....# . #P....#
..... #...... ...# #.....#
#.P# ...?...# # .........
.........


You could see a seven-headed hydra.

Vanquished Creatures
  Gastronok (D:8)
  Erolcha (D:10)
  Erica (D:8)
  2 hill giants (D:11)
  An oklob plant (Lair:1)
  A manticore (D:11)
  Maurice (D:10)
  A spiny frog (Lair:1)
  A centaur skeleton (D:11)
  A tengu conjurer (D:10)
  2 komodo dragons
  3 trolls
  Prince Ribbit (D:6)
  Grinder (D:3)
  5 blink frogs (Lair:2)
  2 hippogriffs
  Sigmund (D:5)
  A yak (D:11)
  Eustachio (D:5)
  A steam dragon (D:10)
  4 water moccasins
  Duvessa (D:6)
  3 orc warriors
  A phantom (D:9)
  3 centaurs
  2 sky beasts
  5 ogres
  A big kobold (D:10)
  5 crocodiles
  3 bullfrogs
  Dowan (D:6)
  A water moccasin skeleton (D:5)
  7 scorpions
  10 killer bees
  14 wights
  A howler monkey (D:7)
  A centaur zombie (D:10)
  4 crimson imps
  2 jellies (D:8)
  Crazy Yiuf (D:3)
  5 orc priests
  A gnoll shaman (D:8)
  4 hounds
  7 orc wizards
  A bullfrog skeleton (D:7)
  An iguana (D:9)
  5 worker ants
  A hound skeleton (D:7)
  A worker ant zombie (D:9)
  9 gnolls
  2 river rats (D:11)
  9 adders
  An adder zombie (D:9)
  2 adder skeletons
  3 worms (D:3)
  5 dart slugs
  7 leopard geckos
  30 orcs
  2 ball pythons
  5 giant cockroaches
  10 goblins
  5 hobgoblins
  25 jackals
  8 kobolds
  5 quokkas
  9 bats
  A frilled lizard (D:3)
  A jackal skeleton (D:4)
  A leopard gecko skeleton (D:4)
  12 rats
  3 fungi (D:11)
  A plant (D:11)
281 creatures vanquished.

Vanquished Creatures (others)
  A sky beast (D:5)
  13 fungi (D:11)
  3 plants (D:11)
17 creatures vanquished.

Grand Total: 298 creatures vanquished

Notes
Turn   | Place    | Note
-------+----------+-------------------------------------------
     0 | D:1      | Kloppie the Minotaur Gladiator began the quest for the Orb.
     0 | D:1      | Reached XP level 1. HP: 18/18 MP: 0/0
   101 | D:1      | Reached XP level 2. HP: 21/26 MP: 1/1
   686 | D:1      | Reached XP level 3. HP: 33/33 MP: 2/2
   695 | D:1      | Reached skill level 4 in Axes
  1348 | D:2      | Found an iron altar of Okawaru.
  1589 | D:3      | Reached XP level 4. HP: 36/41 MP: 3/3
  1740 | D:3      | Noticed Grinder
  1740 | D:3      | Paralysed by Grinder for 6 turns
  1781 | D:3      | Gained mutation: Potions and wands are less effective at restoring your health. [potion of mutation]
  1781 | D:3      | Gained mutation: You have a pair of large horns on your head. [potion of mutation]
  1781 | D:3      | Gained mutation: You expend magic power (3 MP) to strengthen your wands. [potion of mutation]
  1781 | D:3      | HP: 3/61 [Grinder (4)]
  1783 | D:3      | Killed Grinder
  1783 | D:3      | Reached skill level 5 in Axes
  1783 | D:3      | Reached XP level 5. HP: 14/51 MP: 4/4
  1981 | D:3      | Gained mutation: You are frail. (-10% HP) [potion of mutation]
  1981 | D:3      | Lost mutation: You are frail. (-10% HP) [potion of mutation]
  2004 | D:3      | Reached XP level 6. HP: 47/58 MP: 5/5
  2016 | D:3      | Found a shimmering altar of Xom.
  2177 | D:3      | Found a runed door.
  2454 | D:3      | Noticed Crazy Yiuf
  2459 | D:3      | Killed Crazy Yiuf
  2569 | D:4      | Reached skill level 6 in Axes
  3247 | D:5      | Entered Level 5 of the Dungeon
  3297 | D:5      | Noticed Eustachio
  3313 | D:5      | Killed Eustachio
  3313 | D:5      | Reached XP level 7. HP: 59/66 MP: 6/6
  3336 | D:5      | Found a shattered altar of Ashenzari.
  3408 | D:5      | Noticed Sigmund
  3444 | D:5      | Killed Sigmund
  3444 | D:5      | Reached skill level 7 in Axes
  3444 | D:5      | Reached skill level 5 in Dodging
  3958 | D:5      | Found a glowing golden altar of the Shining One.
  4129 | D:5      | Got a fine scale mail
  4142 | D:5      | Identified the +0 scale mail of Undesirable Species {Dex+5} (You found it on level 5 of the Dungeon)
  4274 | D:5      | Became a worshipper of the Shining One
  4331 | D:6      | Noticed Prince Ribbit
  4364 | D:6      | Killed Prince Ribbit
  4364 | D:6      | Reached XP level 8. HP: 41/73 MP: 3/7
  4526 | D:6      | Reached skill level 1 in Armour
  4618 | D:6      | Noticed Dowan
  4619 | D:6      | Noticed Duvessa
  4627 | D:6      | Killed Duvessa
  4630 | D:6      | Killed Dowan
  4630 | D:6      | Reached skill level 8 in Axes
  5331 | D:7      | Reached skill level 5 in Armour
  5369 | D:7      | Found a sparkling altar of Nemelex Xobeh.
  5407 | D:7      | Reached XP level 9. HP: 59/79 MP: 6/8
  5442 | D:7      | Reached skill level 9 in Axes
  5481 | D:7      | Found a hide-covered altar of Uskayaw.
  5484 | D:7      | Reached * piety under the Shining One
  5565 | D:7      | Found a staircase to the Ecumenical Temple.
  5621 | D:7      | Noticed a troll
  5629 | D:7      | Killed a troll
  6249 | D:8      | Noticed Erica
  6266 | D:8      | Killed Erica
  6266 | D:8      | Reached skill level 10 in Axes
  6314 | D:8      | Noticed Gastronok
  6328 | D:8      | Killed Gastronok
  6328 | D:8      | Reached skill level 11 in Axes
  6328 | D:8      | Reached skill level 10 in Dodging
  6328 | D:8      | Reached XP level 10. HP: 42/91 MP: 4/9
  6771 | D:9      | Found Ebofekop's Book Shoppe.
  6862 | D:9      | Reached ** piety under the Shining One
  7173 | D:10     | Entered Level 10 of the Dungeon
  7177 | D:10     | Noticed Erolcha
  7183 | D:10     | Reached skill level 1 in Invocations
  7193 | D:10     | Killed Erolcha
  7193 | D:10     | Reached skill level 12 in Axes
  7193 | D:10     | Reached XP level 11. HP: 94/97 MP: 9/12
  7228 | D:10     | Reached *** piety under the Shining One
  7689 | D:10     | Noticed Maurice
  7703 | D:10     | Killed Maurice
  7862 | D:11     | Noticed a hill giant
  7877 | D:11     | Killed a hill giant
  7877 | D:11     | Reached skill level 5 in Invocations
  7905 | D:11     | Found a staircase to the Lair.
  8070 | D:11     | Noticed a hill giant
  8081 | D:11     | Killed a hill giant
  8289 | D:11     | Got a jewelled leather armour
  8300 | D:11     | Identified the cursed +1 leather armour of Subjectivity {Int+6 SInv Stlth+} (You found it on level 11 of the Dungeon)
  8464 | Lair:1   | Entered Level 1 of the Lair of Beasts
  8592 | Lair:1   | Found a basalt altar of Yredelemnul.
  8593 | Lair:1   | Noticed an oklob plant
  8625 | Lair:1   | Identified a scroll of acquirement
  8626 | Lair:1   | Got a pair of bloodstained boots
  8632 | Lair:1   | Identified the +0 pair of boots of Integrity {rPois rC++} (You acquired it on level 1 of the Lair of Beasts)
  9001 | Lair:1   | Killed an oklob plant
  9001 | Lair:1   | Reached skill level 13 in Axes
  9293 | Lair:2   | Noticed an eight-headed hydra
  9300 | Lair:2   | HP: 2/97 [seven-headed hydra (10)]
  9300 | Lair:2   | Mangled by a seven-headed hydra

Skill      XL: |  1  2  3  4  5  6  7  8  9 10 11 |
---------------+----------------------------------+-----
Fighting       | 3 4 6 7 9 |  9.3
Axes           | 4 5 6 7 8 11 12 13 | 13.3
Dodging        | 4 6 10 11 12 | 12.4
Armour         | 6 |  6.1
Invocations    | 3 6 |  6.5
Throwing       | |  2.0

Action                   |  1- 3 |  4- 6 |  7- 9 | 10-12 || total
-------------------------+-------+-------+-------+-------++-------
Melee: War axe           |    62 |   118 |   227 |    50 ||   457
       Headbutt          |     9 |    14 |    53 |    55 ||   131
       Battleaxe         |       |       |       |   135 ||   135
       Scimitar          |       |       |       |     2 ||     2
Throw: Throwing net      |       |     4 |       |       ||     4
  Use: Potion            |       |     6 |     4 |       ||    10
       Scroll            |       |       |    13 |     7 ||    20
 Stab: Held in net/web   |       |     1 |       |       ||     1
  Eat: Chunk             |     2 |     6 |    10 |     9 ||    27
Armor: Leather armour    |     8 |       |       |       ||     8
       Ring mail         |    13 |    42 |    22 |       ||    77
       Skin              |       |     8 |     1 |       ||     9
       Scale mail        |       |       |    41 |    49 ||    90
Dodge: Dodged            |    40 |    71 |   188 |   209 ||   508
       Rpst.: Scimitar   |       |       |       |     1 ||     1
